 Dungeon Crawl Stone Soup version 0.31-a0-175-g9f7f995f2b (webtiles) character file.

Game seed: 8943480283887783352

490 Hubris850 the Ducker (level 7, -1/44 HPs)
             Began as a Tengu Reaver on June 16, 2023.
             Was a Follower of Zin.
             Slain by a gnoll
             ... wielding a +0 spear
             ... led by a gnoll bouda
              (7 damage)
             ... on level 5 of the Dungeon.
             The game lasted 00:08:28 (3727 turns).

Hubris850 the Ducker (Tengu Reaver)                 Turns: 3727, Time: 00:08:29

Health: -1/44      AC:  8    Str: 12    XL:     7   Next: 14%
Magic:  20/20      EV: 13    Int: 15    God:    Zin [*.....]
Gold:   67         SH:  4    Dex: 13    Spells: 9/10 levels left

rFire   . . .        D - +3 trident (protect)
rCold   . . .        x - +0 buckler
rNeg    . . .        c - +0 ring mail
rPois   .            (helmet restricted)
rElec   .            u - +0 cloak
rCorr   .            l - +0 pair of gloves
SInv    .            (boots unavailable)
Will    .....        (no amulet)
Stlth   +            n - ring of magical power
HPRegen 0.27/turn    (no ring)
MPRegen 0.17/turn

%: no passive effects
@: weakened, flying quickly and evasively, invisible, quick
A: beak, talons 3, nimble flight
a: Renounce Religion, Recite, Donate Gold


You were on level 5 of the Dungeon.
You worshipped Zin.
Zin was aware of your devotion.
You visited 2 branches of the dungeon, and saw 6 of its levels.

You collected 150 gold pieces.
You donated 83 gold pieces to Zin.

Inventory:

Hand Weapons
 a - a +0 falchion
 D - a +3 trident of protection (weapon)
Missiles
 y - 11 poisoned darts (quivered)
Armour
 b - a +0 leather armour
 c - a +0 ring mail (worn)
 l - a +0 pair of gloves (worn)
 u - a +0 cloak (worn)
 x - a +0 buckler (worn)
Jewellery
 n - a ring of magical power (left hand)
 B - an amulet of faith
Wands
 w - a wand of mindburst (10)
Scrolls
 e - 4 scrolls of revelation {unknown}
 f - 2 scrolls of identify {unknown}
 i - a scroll of teleportation {unknown}
 j - a scroll of blinking {unknown}
 m - a scroll of poison {unknown}
 p - a scroll of enchant weapon {unknown}
 q - a scroll of brand weapon {unknown}
 r - a scroll of vulnerability {unknown}
 v - a scroll of silence {unknown}
 A - a scroll of torment {unknown}
 C - a scroll of fog {unknown}
Potions
 d - a potion of invisibility
 g - 2 potions of mutation {unknown}
 h - a potion of enlightenment
 k - a potion of might {unknown}
 o - 2 potions of lignification {unknown}
 s - a potion of degeneration {unknown}
 z - a potion of haste {unknown}


   Skills:
 + Level 4.4 Fighting
 - Level 3.2 Long Blades
 + Level 3.9 Armour
 + Level 4.8 Dodging
 + Level 1.9 Shields
 - Level 2.0 Spellcasting
 - Level 4.0 Conjurations


You had 9 spell levels left.
You knew the following spells:

 Your Spells              Type           Power      Damage    Failure   Level
a - Kiss of Death         Conj/Necr      28%        2d7       28%         1

Your spell library contained the following spells:

 Spells                   Type           Power      Damage    Failure   Level
 Momentum Strike          Conj/Tloc      14%        3d8       41%         2
 Hailstorm                Conj/Ice       7%         3d4       65%         3


Dungeon Overview and Level Annotations

Branches:
Dungeon (5/15)             Temple (1/1) D:4

Altars:
Gozag
Okawaru
Qazlal
Trog
Wu Jian
Xom
Zin


Innate Abilities, Weirdness & Mutations

You have a beak for a mouth.
You have claws for feet.
Your magical nature lets you fly swiftly and evasively.


Message History

The gnoll hits you from afar with a +0 spear.
* * * LOW HITPOINT WARNING * * *
The gnoll bouda utters an invocation to its god.
The gnoll bouda is healed somewhat.
The gnoll hits you but does no damage. You block the gnoll's attack.
You hit the gnoll bouda. You claw the gnoll bouda.
You peck the gnoll bouda, but do no damage.
The gnoll bouda is heavily wounded.
The gnoll is no longer moving quickly.
The gnoll bouda barely misses you. The gnoll barely misses you.
You block the gnoll's attack. The gnoll bouda barely misses you.
You hit the gnoll bouda but do no damage.
Your kick misses the gnoll bouda.
You peck the gnoll bouda, but do no damage.
The gnoll bouda is heavily wounded.
The gnoll barely misses you. The gnoll closely misses you.
The gnoll bouda hits you but does no damage.
The gnoll hits you but does no damage.
You hit the gnoll bouda but do no damage.
You peck the gnoll bouda, but do no damage.
The gnoll bouda is heavily wounded.
The gnoll hits you but does no damage.
The gnoll bouda hits you with a +0 club.
* * * LOW HITPOINT WARNING * * *
The gnoll barely misses you. The gnoll closely misses you.
You closely miss the gnoll bouda.
The gnoll bouda is heavily wounded.
The gnoll is no longer moving quickly.
The gnoll bouda misses you.
The gnoll hits you from afar with a +0 spear.
* * * LOW HITPOINT WARNING * * *
The gnoll hits you but does no damage.
The gnoll bouda hits you but does no damage.
You fade into invisibility!
The gnoll misses you. x2
The gnoll bouda hits you but does no damage.
You completely miss the gnoll bouda.
You peck the gnoll bouda, but do no damage.
The gnoll bouda is heavily wounded.
The gnoll hits you from afar with a +0 spear!
You die...

#....# ... ##....##...
#.........# #..≈≈.....#
#..≈≈.._... #.gg.......
##############.g......≈≈
.##..##...##.##.@)♣
.#............#...♣
.#....)........#.......
.'..............##.....
.##.......##....# ##.##
.##.......##....# ..#
.#................ ...
.#.......[......... ..
.+.................


You could see a gnoll bouda (unable to see you) and 2 gnolls.

Vanquished Creatures
  2 ogres
  A scorpion (D:4)
  Crazy Yiuf (D:2)
  2 jellies (D:4)
  3 orc wizards
  A gnoll (D:5)
  3 adders
  A worm (D:4)
  A dart slug (D:3)
  5 orcs
  8 ball pythons
  7 endoplasms
  2 giant cockroaches (D:4)
  A goblin (D:4)
  4 hobgoblins
  4 jackals (D:1)
  2 quokkas
  4 bats (D:1)
  4 frilled lizards
  8 kobolds
  A rat (D:2)
65 creatures vanquished.

Notes
Turn   | Place    | Note
-------+----------+-------------------------------------------
     0 | D:1      | Hubris850 the Tengu Reaver began the quest for the Orb.
     0 | D:1      | Reached XP level 1. HP: 12/12 MP: 4/4
   241 | D:1      | Reached XP level 2. HP: 14/17 MP: 6/6
   566 | D:1      | Reached skill level 1 in Armour
   712 | D:1      | Reached XP level 3. HP: 13/22 MP: 7/7
  1705 | D:2      | Found a runed translucent door.
  1706 | D:2      | Noticed Crazy Yiuf
  1716 | D:2      | Killed Crazy Yiuf
  1717 | D:2      | Reached XP level 4. HP: 3/25 MP: 4/8
  2135 | D:3      | Gained mutation: Your magical nature lets you fly swiftly
                  | and evasively. [Tengu growth]
  2135 | D:3      | Reached XP level 5. HP: 13/32 MP: 9/9
  3102 | D:4      | Reached XP level 6. HP: 36/38 MP: 10/10
  3191 | D:4      | Found a staircase to the Ecumenical Temple.
  3212 | D:4      | Reached skill level 1 in Shields
  3244 | Temple   | Entered the Ecumenical Temple
  3269 | Temple   | Became a worshipper of Zin the Law-Giver
  3269 | Temple   | Reached * piety under Zin
  3382 | D:4      | Found an opulent altar of Gozag.
  3503 | D:4      | Donated 68 gold pieces to Zin
  3671 | D:5      | Entered Level 5 of the Dungeon
  3697 | D:5      | Reached XP level 7. HP: 44/44 MP: 11/11
  3708 | D:5      | Found an ornate altar of the Wu Jian Council.
  3727 | D:5      | Slain by a gnoll

Illustrated notes

Levels and vault maps discovered:
D:1:      nicolae_arrival_somewhat_less_tricky_arrival, layout_loops_corners
D:2:      layout_basic, minivault_11, st_stairs_7, uniq_crazy_yiuf_cottage
D:3:      layout_basic
D:4:      layout_cave_pools, nicolae_gozag_seed_capital,
          minmay_temple_entry_stoned_glass
D:5:      layout_gridville, nicolae_wu_jian_wuxing_cycle,
          hangedman_decor_clover_reticule
Temple:   cyrus_temple_forest

Skill      XL: |  1  2  3  4  5  6 |
---------------+-------------------+-----
Armour         | 1 2 3 |  3.9
Dodging        | 3 4 |  4.8
Fighting       | 3 4 |  4.4
Shields        | 1 |  1.9
Long Blades    | |  3.2
Spellcasting   | |  2.0
Conjurations   | |  4.0

Action                     |  1- 3 |  4- 6 |  7- 9 || total
---------------------------+-------+-------+-------++-------
  Melee: Falchion          |    93 |       |       ||    93
         Kick              |    23 |    13 |     2 ||    38
         Peck              |    10 |    11 |     7 ||    28
         Punch             |     1 |       |       ||     1
         Quarterstaff      |       |    31 |       ||    31
         Trident           |       |    52 |    15 ||    67
  Throw: Dart              |       |     8 |       ||     8
   Cast: Kiss of Death     |     2 |       |       ||     2
 Invoke: Donate Gold       |       |     1 |       ||     1
    Use: Potion            |     2 |       |     1 ||     3
 Armour: Ring mail         |    32 |    31 |    17 ||    80
         Leather armour    |     3 |       |       ||     3
  Dodge: Dodged            |    59 |    35 |    21 ||   115
  Block: Buckler           |       |     5 |     6 ||    11

Table legend: (Time is in decaauts)
 A = Elapsed time spent in this place.
 B = Non-inter-level travel time spent in this place.
 C = Inter-level travel time spent in this place.
 D = Time resting spent in this place.
 E = Time spent auto-exploring this place.
 F = Levels seen in this place.
 G = Mean time per level.
                   A        B        C        D        E       F      G
               +--------+--------+--------+--------+--------+-----+--------+
         Total |   3654 |   3566 |     88 |    200 |   2777 |   6 |  609.0 |
       Dungeon |   3609 |   3543 |     66 |    200 |   2762 |   5 |  721.8 |
        Temple |     45 |     24 |     21 |      0 |     14 |   1 |   45.0 |
               +--------+--------+--------+--------+--------+-----+--------+

Top non-repeatable levels by time:
     D:2: 1092 daAuts
     D:1: 1024 daAuts
     D:3: 793 daAuts
     D:4: 637 daAuts
     D:5: 62 daAuts
  Temple: 45 daAuts
